[Event "10th Cesme Open-B 2024"]
[Site "Cesme"]
[Date "2024.06.27"]
[Round "6"]
[White "Turgut, Hakan"]
[Black "Rzayev, Askar Aliakbar"]
[Result "1-0"]
[ECO "C02"]
[WhiteElo "1979"]
[BlackElo "1967"]
[Annotator "NA RC"]
[PlyCount "43"]
[EventDate "2024.06.23"]
[EventType "swiss"]
[EventCountry "TUR"]
[SourceTitle "playchess.com"]
[Source "ChessBase"]
[SourceQuality "1"]
[TimeControl "5400+30"]

1. e4 e6 2. d4 d5 3. e5 c5 4. c3 Nc6 5. Nf3 Bd7 6. a3 f6 7. c4 cxd4 8. cxd5 Qa5+ 9. Nbd2 exd5 10. exf6 Nxf6 11. Bd3 Be7 12. O-O O-O 13. b4 Qb6 14. Re1 Rae8 15. Bb2 a6 16. Ng5 Bd6 17. Qb3 g6 18. Nge4 Ne5 19. Ng5 Kg7 20. Qxd5 Qc6 21. Bxd4 Be6 22. Qb3 1-0

[Event "10th Cesme Open-B 2024"]
[Site "Cesme"]
[Date "2024.06.27"]
[Round "6"]
[White "Dirikolu, Deniz"]
[Black "Uzdemir, Ali Poyraz"]
[Result "0-1"]
[ECO "B66"]
[WhiteElo "1978"]
[BlackElo "1936"]
[Annotator "NA"]
[PlyCount "116"]
[EventDate "2024.06.23"]
[EventType "swiss"]
[EventCountry "TUR"]
[SourceTitle "playchess.com"]
[Source "ChessBase"]
[SourceQuality "1"]
[TimeControl "5400+30"]

1. e4 c5 2. Nf3 d6 3. d4 cxd4 4. Nxd4 Nf6 5. Nc3 Nc6 6. Bg5 e6 7. Qd2 a6 8. Nxc6 bxc6 9. O-O-O Qa5 10. Bc4 d5 11. Bxf6 gxf6 12. exd5 cxd5 13. Bxd5 exd5 14. Qf4 Be6 15. Qxf6 Rg8 16. Nxd5 Qc5 17. Rhe1 Rg6 18. Qf3 Rc8 19. c3 Bh6+ 20. Kb1 Kf8 21. Nf6 Bf5+ 22. Ka1 Rxf6 23. Rd5 Qc6 24. Rxf5 Qxf3 25. Rxf3 Rxf3 26. gxf3 Rd8 27. a4 Rd2 28. Rf1 Bg7 29. f4 Ke7 30. Re1+ Kd6 31. Re8 Rxf2 32. Ra8 Rxf4 33. Rxa6+ Kc5 34. Ka2 Rf2 35. Ra7 Kb6 36. Rd7 Bxc3 37. Rd6+ Ka5 38. Kb3 Bg7 39. Rd5+ Kb6 40. Rg5 Bf8 41. Rg8 Bd6 42. Rg7 Rxb2+ 43. Kc4 f6 44. h3 h5 45. Kd5 Bf4 46. Rh7 Rc2 47. a5+ Kxa5 48. Rxh5 Re2 49. Rh7 Kb6 50. h4 Re5+ 51. Kd4 Kc6 52. Rf7 Re6 53. h5 Kd6 54. Rh7 Bg5 55. Rf7 Be3+ 56. Kd3 Bf4 57. Kd4 Bg5 58. Ra7 Be3+ 0-1

[Event "10th Cesme Open-B 2024"]
[Site "Cesme"]
[Date "2024.06.27"]
[Round "6"]
[White "Masiya, Mfundo"]
[Black "Akkaya, Atakan"]
[Result "0-1"]
[ECO "B22"]
[WhiteElo "1971"]
[BlackElo "1780"]
[Annotator "NA RC"]
[PlyCount "67"]
[EventDate "2024.06.23"]
[EventType "swiss"]
[EventCountry "TUR"]
[SourceTitle "playchess.com"]
[Source "ChessBase"]
[SourceQuality "1"]
[TimeControl "5400+30"]

1. e4 c5 2. c3 Nf6 3. e5 Nd5 4. d4 cxd4 5. Nf3 e6 6. cxd4 d6 7. Bc4 Be7 8. O-O O-O 9. Qe2 b6 10. Nbd2 Bb7 11. Ne4 dxe5 12. dxe5 Nd7 13. Bg5 Nxe5 14. Nxe5 Bxg5 15. Rfd1 Bf4 16. Nd3 Bxh2+ 17. Kxh2 Qc7+ 18. Kg1 Qxc4 19. Rac1 Qxa2 20. Nd6 Ba6 21. Ra1 Bxd3 22. Qxd3 Qxb2 23. Ne4 Qe5 24. Re1 Qf5 25. Ra4 Nf6 26. Qg3 Nxe4 27. Raxe4 a5 28. Rf4 Qc2 29. Rg4 g6 30. Rh4 Qb2 31. Re5 a4 32. Qe3 Rfc8 33. Kh2 a3 34. Ree4 0-1

[Event "10th Cesme Open-B 2024"]
[Site "Cesme"]
[Date "2024.06.27"]
[Round "6"]
[White "Ilgaz, Yusuf Kerem"]
[Black "Tastan, Hakan Mete"]
[Result "1-0"]
[ECO "A55"]
[WhiteElo "1966"]
[BlackElo "1875"]
[Annotator "RC"]
[PlyCount "129"]
[EventDate "2024.06.23"]
[EventType "swiss"]
[EventCountry "TUR"]
[SourceTitle "playchess.com"]
[Source "ChessBase"]
[SourceQuality "1"]
[TimeControl "5400+30"]

1. d4 Nf6 2. c4 d6 3. Nc3 Nbd7 4. e4 e5 5. Nf3 Be7 6. g3 c6 7. Bg2 O-O 8. O-O a6 9. a4 a5 10. h3 exd4 11. Nxd4 Nc5 12. Be3 Re8 13. Qc2 Bf8 14. Rfe1 g6 15. Rad1 Qc7 16. Rd2 Bd7 17. Red1 Rad8 18. Bg5 Be7 19. Bxf6 Bxf6 20. Ndb5 Qb8 21. Nxd6 Re6 22. f4 Be7 23. e5 f6 24. Nce4 fxe5 25. fxe5 Rxe5 26. Nxc5 Rxc5 27. Ne4 Bf5 28. Rxd8+ Bxd8 29. Qd2 Bb6 30. Nxc5 Qxg3 31. Qf2 Qe5 32. Re1 Qd6 33. Kh1 Bxc5 34. Qe2 Bb4 35. Qe8+ Kg7 36. Qe5+ Qxe5 37. Rxe5 Bc2 38. Re8 Bxa4 39. Rb8 Bb3 40. Rxb7+ Kh6 41. Bf1 Bc2 42. Kg2 Bc5 43. Be2 a4 44. Rd7 a3 45. bxa3 Bxa3 46. Bd3 Bb3 47. Rc7 c5 48. Kf3 Bd1+ 49. Ke4 Bb4 50. Rc6 Kg5 51. Ke3 Bh5 52. Rc7 h6 53. Rc6 Ba3 54. Kf2 Bb2 55. Rxc5+ Kh4 56. Kg2 Bc1 57. Rd5 g5 58. c5 g4 59. hxg4 Bxg4 60. c6 Bf4 61. Rd4 Be5 62. Re4 Bd6 63. Be2 h5 64. Bxg4 hxg4 65. Re6 1-0

[Event "10th Cesme Open-B 2024"]
[Site "Cesme"]
[Date "2024.06.27"]
[Round "6"]
[White "Hasirci, Ozgur Deniz"]
[Black "Korkmaz, Necmettin"]
[Result "0-1"]
[ECO "C13"]
[WhiteElo "1903"]
[BlackElo "1999"]
[Annotator "RC"]
[PlyCount "141"]
[EventDate "2024.06.23"]
[EventType "swiss"]
[EventCountry "TUR"]
[SourceTitle "playchess.com"]
[Source "ChessBase"]
[SourceQuality "1"]
[TimeControl "5400+30"]

1. e4 e6 2. d4 d5 3. Nc3 Nf6 4. Bg5 dxe4 5. Nxe4 Be7 6. Bxf6 gxf6 7. Nf3 f5 8. Ng3 h5 9. h4 Qd6 10. Qd2 c5 11. Qc3 Bf6 12. O-O-O Nd7 13. Qa3 Qb6 14. d5 Ne5 15. dxe6 Bxe6 16. Nxf5 Bxf5 17. Nxe5 Bxe5 18. Re1 Qh6+ 19. Kb1 f6 20. Qxc5 Kf7 21. Bc4+ Kg6 22. Qd5 Qf4 23. g3 Qd4 24. Qxd4 Bxd4 25. Re7 Rac8 26. Bb3 Rh7 27. Re2 Rhc7 28. f3 b5 29. Rf1 a5 30. g4 hxg4 31. fxg4 Bxg4 32. Re4 Bh3 33. Rh1 Bf5 34. Rxd4 a4 35. Bd5 Rxc2 36. Be4 Bxe4 37. Rxe4 Rf2 38. Rb4 Rc5 39. Rc1 Re5 40. a3 Rh2 41. Rf1 f5 42. Rbf4 Kf6 43. Ka1 Rhe2 44. Kb1 Ke6 45. Kc1 Rg2 46. Kb1 Kf6 47. Kc1 Kg6 48. Kb1 Ree2 49. Rb4 Re5 50. Rbf4 Rg4 51. Kc2 Re2+ 52. Kc3 Re3+ 53. Kc2 Rg2+ 54. R4f2 Rxf2+ 55. Rxf2 Re4 56. h5+ Kg5 57. Rh2 Re6 58. Kd3 Rh6 59. Rg2+ Kxh5 60. Kd4 Re6 61. Kc5 Re5+ 62. Kd4 Re8 63. Kc5 Rb8 64. Kd5 Re8 65. Kc5 Re5+ 66. Kd4 Re1 67. Kd3 f4 68. Rg8 f3 69. Rf8 Kg4 70. Rg8+ Kf4 71. Kd4 0-1

[Event "10th Cesme Open-B 2024"]
[Site "Cesme"]
[Date "2024.06.27"]
[Round "6"]
[White "Yildiz, Talat"]
[Black "Atis, Hasan"]
[Result "1/2-1/2"]
[ECO "B48"]
[WhiteElo "1891"]
[BlackElo "1988"]
[Annotator "RC"]
[PlyCount "170"]
[EventDate "2024.06.23"]
[EventType "swiss"]
[EventCountry "TUR"]
[SourceTitle "playchess.com"]
[Source "ChessBase"]
[SourceQuality "1"]
[TimeControl "5400+30"]

1. e4 c5 2. Nf3 e6 3. d4 cxd4 4. Nxd4 Nc6 5. Nc3 Qc7 6. Be3 a6 7. Qf3 Nf6 8. O-O-O Ne5 9. Qg3 b5 10. Bxb5 axb5 11. Ndxb5 Qb8 12. Bf4 d6 13. Rxd6 Nh5 14. Qg5 Bxd6 15. Nxd6+ Qxd6 16. Bxe5 Ra5 17. Nd5 Qd8 18. Qxd8+ Kxd8 19. Bc7+ Kd7 20. Bxa5 exd5 21. exd5 Bb7 22. Rd1 Rc8 23. d6 Bxg2 24. Rd4 f5 25. c4 Be4 26. Bc7 Nf4 27. Rd2 Ne6 28. b4 Nxc7 29. dxc7+ Kxc7 30. Kb2 g5 31. Kc3 h5 32. c5 Bc6 33. Kc4 Re8 34. Rd4 Re1 35. a4 Bxa4 36. b5 Re4 37. Rxe4 fxe4 38. b6+ Kc6 39. Kd4 Bc2 40. Ke5 h4 41. Kd4 Bb1 42. Ke3 Bd3 43. Kd4 Bc2 44. Ke3 Bb1 45. Kd4 Kb7 46. Ke3 Bd3 47. Kd4 h3 48. Ke3 Kc6 49. Kd4 Bf1 50. Kxe4 g4 51. Kf4 Be2 52. Kg3 Bf3 53. Kf4 Kxc5 54. b7 Bxb7 55. Kxg4 Bc8+ 56. Kf3 Kd4 57. Ke2 Ke4 58. f4 Kxf4 59. Kf2 Ba6 60. Kg1 Kf3 61. Kh1 Bd3 62. Kg1 Bc4 63. Kh1 Be6 64. Kg1 Bd5 65. Kf1 Kf4 66. Kf2 Bg2 67. Kg1 Ke4 68. Kf2 Kd3 69. Kg1 Kd2 70. Kf2 Kd1 71. Kg1 Bc6 72. Kf2 Bd7 73. Kf1 Bb5+ 74. Kf2 Kd2 75. Kg3 Bf1 76. Kf2 Bd3 77. Kg3 Bf5 78. Kf2 Kd3 79. Kf3 Be6 80. Kf2 Ke4 81. Ke2 Kf4 82. Kf2 Bd5 83. Kf1 Kf3 84. Kg1 Bc4 85. Kh1 Kf2 1/2-1/2

[Event "10th Cesme Open-B 2024"]
[Site "Cesme"]
[Date "2024.06.27"]
[Round "6"]
[White "Asgharvand, Davood"]
[Black "Buyuk, Eymen Eren"]
[Result "0-1"]
[ECO "C15"]
[WhiteElo "1881"]
[BlackElo "1894"]
[Annotator "NA RC"]
[PlyCount "64"]
[EventDate "2024.06.23"]
[EventType "swiss"]
[EventCountry "TUR"]
[SourceTitle "playchess.com"]
[Source "ChessBase"]
[SourceQuality "1"]
[TimeControl "5400+30"]

1. e4 e6 2. d4 d5 3. Nc3 Bb4 4. Bd3 c5 5. dxc5 d4 6. a3 Bxc5 7. Nce2 Nc6 8. f4 e5 9. Nf3 exf4 10. Bxf4 Nf6 11. b4 Bb6 12. Bg5 h6 13. Bh4 g5 14. Bf2 Ng4 15. O-O O-O 16. Ng3 Ne3 17. Bxe3 dxe3 18. Kh1 Bg4 19. h3 Be6 20. b5 Nd4 21. Nxd4 Qxd4 22. Qh5 Qe5 23. Ne2 Bc7 24. g3 Kg7 25. Rae1 f5 26. exf5 Bxf5 27. Bxf5 Rxf5 28. Rd1 Rd8 29. Qg4 Qxb5 30. Nf4 Bxf4 31. Rxd8 Qxf1+ 32. Kh2 Bxg3+ 0-1

[Event "10th Cesme Open-B 2024"]
[Site "Cesme"]
[Date "2024.06.27"]
[Round "6"]
[White "Colak, Tugay"]
[Black "Dogan, Umut Anil"]
[Result "0-1"]
[ECO "B10"]
[WhiteElo "1878"]
[BlackElo "1982"]
[Annotator "RC"]
[PlyCount "78"]
[EventDate "2024.06.23"]
[EventType "swiss"]
[EventCountry "TUR"]
[SourceTitle "playchess.com"]
[Source "ChessBase"]
[SourceQuality "1"]
[TimeControl "5400+30"]

1. e4 c6 2. Nf3 d5 3. exd5 cxd5 4. Ne5 Nc6 5. Bb5 Bd7 6. Nxd7 Qxd7 7. d4 a6 8. Be2 e6 9. O-O Bd6 10. c3 f5 11. Re1 Nf6 12. Bh5+ g6 13. Bf3 Ne4 14. Bxe4 fxe4 15. f3 Qc7 16. h3 Bh2+ 17. Kh1 Bg3 18. Rf1 O-O 19. Bh6 e3 20. Qe2 Bf4 21. Bxf8 Rxf8 22. Na3 Qe7 23. Nc2 Qg5 24. Nxe3 Bxe3 25. Rae1 Bf4 26. Qxe6+ Kg7 27. Qg4 Qd8 28. Re6 Qc7 29. Rfe1 Rf5 30. Re8 Bg5 31. h4 Bxh4 32. R1e2 Bf6 33. Kg1 Rh5 34. Qe6 Qh2+ 35. Kf2 Qh4+ 36. Ke3 Re5+ 37. dxe5 Bg5+ 38. Kd3 Qc4+ 39. Kc2 Nd4+ 0-1

[Event "10th Cesme Open-B 2024"]
[Site "Cesme"]
[Date "2024.06.27"]
[Round "6"]
[White "Kolat, Ata"]
[Black "Kocakaplan, Emre"]
[Result "1/2-1/2"]
[ECO "D02"]
[WhiteElo "1858"]
[BlackElo "1944"]
[Annotator "RC"]
[PlyCount "116"]
[EventDate "2024.06.23"]
[EventType "swiss"]
[EventCountry "TUR"]
[SourceTitle "playchess.com"]
[Source "ChessBase"]
[SourceQuality "1"]
[TimeControl "5400+30"]

1. d4 e6 2. Bf4 Nf6 3. e3 d5 4. Nd2 Bd6 5. Bg3 c5 6. c3 O-O 7. Bd3 Qc7 8. Ngf3 Nbd7 9. e4 e5 10. dxe5 Nxe5 11. Nxe5 Bxe5 12. O-O Bxg3 13. hxg3 Bg4 14. Qa4 c4 15. Bb1 b5 16. Qc2 Be2 17. Re1 Bd3 18. Qd1 dxe4 19. Nxe4 Nxe4 20. Bxd3 Nxf2 21. Bxh7+ Kxh7 22. Qh5+ Kg8 23. Kxf2 Qb6+ 24. Kf1 Rac8 25. Rad1 Rc6 26. Re4 Rf6+ 27. Rf4 Rh6 28. Qf3 Rh1+ 29. Ke2 Rxd1 30. Kxd1 Rd8+ 31. Kc2 Qg6+ 32. Kc1 Qe6 33. Re4 Qd6 34. Qe2 Qh6+ 35. Kc2 Qg6 36. Kc1 Qxg3 37. Re8+ Rxe8 38. Qxe8+ Kh7 39. Qxf7 Qe3+ 40. Kc2 Qd3+ 41. Kc1 Kh6 42. Qf4+ g5 43. Qf6+ Kh5 44. Qf7+ Kg4 45. Qe6+ Kh5 46. Qf7+ Kh4 47. Qf2+ Kg4 48. Qe1 Kf4 49. Qf2+ Ke4 50. Qf6 Qe3+ 51. Kc2 Qe2+ 52. Kc1 Qe1+ 53. Kc2 Qe2+ 54. Kc1 Qe3+ 55. Kc2 Qf4 56. Qe6+ Qe5 57. Qg4+ Qf4 58. Qe6+ Qe5 1/2-1/2

[Event "10th Cesme Open-B 2024"]
[Site "Cesme"]
[Date "2024.06.27"]
[Round "6"]
[White "Buyuk, Ecrin Efsa"]
[Black "Can, Isik"]
[Result "0-1"]
[ECO "A08"]
[WhiteElo "1816"]
[BlackElo "2509"]
[Annotator "TA"]
[PlyCount "96"]
[EventDate "2024.06.23"]
[EventType "swiss"]
[EventCountry "TUR"]
[SourceTitle "playchess.com"]
[Source "ChessBase"]
[SourceQuality "1"]
[TimeControl "5400+30"]

1. e4 e6 2. d3 d5 3. Nd2 c5 4. g3 Nc6 5. Bg2 g6 6. Ngf3 Bg7 7. c3 Nf6 8. O-O O-O 9. Re1 a5 10. e5 Ng4 11. d4 cxd4 12. cxd4 {[%emt 0:00:30] The position is equal.} f6 13. h3 {[%emt 0:04:30] [#]} Nxf2 14. Kxf2 {[%emt 0:00:30] Kg1 would now be deadly.} (14. Qe2 Ne4) 14... fxe5 15. Kg1 (15. dxe5 $15 Qb6+ 16. Re3) 15... exd4 $17 (15... e4 16. Nxe4 dxe4 17. Rxe4 $15) 16. Nb3 e5 {[%emt 0:00:30][%cal Be6e5,Be5e4][%mdl 1056] Against Bf4. Black has strong compensation.} 17. Bg5 Qd6 18. Rc1 (18. Nbxd4 $17 {keeps fighting.} exd4 19. Bf4 Rxf4 20. gxf4) 18... h6 19. Bd2 e4 20. Bf4 Qf6 21. Rxc6 $2 (21. Rf1 $17) 21... bxc6 $19 22. Be5 Qf7 23. Nbxd4 (23. Bxg7 exf3 (23... Kxg7 24. Qxd4+ Kh7 25. Ne5 $17) (23... Qxg7 24. Nfxd4 Kh7 25. Qd2 $11) 24. Bxf8 f2+ 25. Kh2 fxe1=R (25... fxe1=Q $2 26. Qxe1 Kxf8 27. Nxd4 $19) 26. Qxe1 Kxf8 (26... Qxf8 $2 27. Nxd4 Qf6 28. Qe8+ Kh7 29. Nxc6 $19) 27. Nxd4) 23... exf3 24. Nxf3 {[%emt 0:00:04] [#]} Bxh3 $1 25. Bxg7 (25. Bxh3 Qxf3) 25... Bxg2 ({Not} 25... Qxg7 26. Bxh3 Rae8 (26... Qxb2 27. Re6 $11) 27. Rxe8 Rxe8 28. Qc2 $17) 26. Kxg2 Qxg7 27. Qc2 Qf6 28. Nh2 Rae8 29. Ng4 Qf3+ 30. Kh3 Qf5 $2 ({Stronger than} 30... Rxe1 31. Qxg6+ Kh8 32. Qxh6+ Kg8 33. Qg6+ Kh8 34. Qh6+ Kg8 35. Qg6+ Kh8 36. Qh6+ $11) (30... Kg7 31. Qd2 Rxe1 32. Qxe1 Rf5 (32... Qf1+ $2 33. Qxf1 Rxf1 34. Ne5 $19) 33. Qe7+ Kh8 (33... Rf7 $2 34. Qe5+ Kh7 35. Nh2 $19) 34. Qd8+ Kh7 (34... Rf8 $2 35. Qe7 $19) 35. Qe7+ Rf7) 31. Qxf5 gxf5 {[%emt 0:00:30][%mdl 4096] Endgame. KRR-KRN} 32. Nf6+ Kf7 33. Nxe8 Rxe8 {[%emt 0:00:00] KR-KR} 34. Rf1 (34. Rc1 $142) 34... Re2 35. Rxf5+ Kg6 36. Rf8 Rxb2 37. Ra8 $2 (37. a4) 37... d4 {[%emt 0:01:22] Hoping for ...d3.} 38. Kg4 Rf2 {[%emt 0:03:13] And now ...d3 would win.} 39. Rd8 h5+ (39... Rxa2 $2 40. Rd6+ Kf7 41. Kf4 $19) 40. Kh3 c5 41. Rd6+ Kf5 42. Rd5+ Ke4 43. Rxc5 d3 {[%emt 0:00:00] ( -> ...d2)} 44. Rc8 Rf5 {[%emt 0:00:14] Black mates.} 45. Re8+ Re5 46. Rd8 Rd5 47. Re8+ Kd4 48. Re1 d2 {[%emt 0:00:00] Black took control after the opening.   Weighted Error Value: White=0.76/Black=0.35.  Loses game:     	White=1     	---        Mistake:       	White=5     	---        Inaccurate:     	---       	Black=1      OK:         	White=9     	Black=14     Best:        	---       	Black=3      Brilliant:      	---       	Black=1} 0-1

[Event "10th Cesme Open-B 2024"]
[Site "Cesme"]
[Date "2024.06.27"]
[Round "6"]
[White "Sanan, Demirhan"]
[Black "Tezcan, Alper"]
[Result "0-1"]
[ECO "D46"]
[WhiteElo "1740"]
[BlackElo "1936"]
[Annotator "NA RC"]
[PlyCount "90"]
[EventDate "2024.06.23"]
[EventType "swiss"]
[EventCountry "TUR"]
[SourceTitle "playchess.com"]
[Source "ChessBase"]
[SourceQuality "1"]
[TimeControl "5400+30"]

1. Nf3 d5 2. e3 Nf6 3. c4 c6 4. Nc3 e6 5. b3 Be7 6. Bb2 Nbd7 7. d4 O-O 8. Bd3 Re8 9. O-O b6 10. Qe2 Bb7 11. Rac1 c5 12. cxd5 Nxd5 13. Nxd5 Bxd5 14. Rfd1 Qb8 15. Bb5 Rd8 16. e4 Bb7 17. d5 exd5 18. exd5 Bf6 19. Rc2 Bxb2 20. Rxb2 Nf6 21. Rbd2 Rxd5 22. Rxd5 Nxd5 23. Bc4 Qd6 24. Ng5 Rd8 25. Qh5 Qg6 26. Qh4 h6 27. Nxf7 Re8 28. Nd8 Ba8 29. h3 Qd6 30. Qh5 Rxd8 31. Re1 Bc6 32. Qg4 Kh8 33. Re6 Qd7 34. Qh4 Qxe6 35. Qxd8+ Qg8 36. Qd6 Ba8 37. a4 a6 38. b4 cxb4 39. Bb3 a5 40. h4 Bb7 41. h5 Qa8 42. g4 Nc3 43. g5 Qe8 44. Be6 Ne4 45. Qxb6 Nxg5 0-1